 Dungeon Crawl Stone Soup version 0.19-a0-1886-gd64a0f0 (webtiles) character file.

60 Amnesiac the Gusty (level 4, -4/24 HPs)
             Began as a Tengu Air Elementalist on Oct 15, 2016.
             Slain by a slave (9 damage)
             ... led by Pikel
             ... on level 5 of the Dungeon.
             The game lasted 00:03:03 (1286 turns).

Amnesiac the Gusty (Tengu Air Elementalist)         Turns: 1286, Time: 00:03:03

Health: -4/24      AC:  3    Str:  8    XL:     4   Next: 6%
Magic:  1/8        EV: 13    Int: 16    God:
Gold:   40         SH:  0    Dex: 15    Spells: 3 memorised, 2 levels left

rFire  . . .     SeeInvis .     (no weapon)
rCold  . . .     Gourm    .     a - +0 robe
rNeg   . . .     Faith    .     (no shield)
rPois  .         Spirit   .     (helmet restricted)
rElec  .         Dismiss  .     (no cloak)
rCorr  .         Reflect  .     e - +0 pair of gloves
MR     .....     Harm     .     (boots unavailable)
Stlth  ++........               (no amulet)
                                (no ring)
                                (no ring)

@: no status effects
A: beak, talons 3
a: no special abilities


You were on level 5 of the Dungeon.
You were hungry.

You visited 1 branch of the dungeon, and saw 5 of its levels.

You collected 40 gold pieces.

Inventory:

Armour
 a - a +0 robe (worn)
 e - a +0 pair of gloves (worn)
Jewellery
 k - a +3 amulet of reflection {unknown}
Scrolls
 d - a scroll of noise {unknown}
 f - a scroll of enchant armour {unknown}
 g - a scroll of teleportation {unknown}
 l - a scroll of remove curse {unknown}
Potions
 i - a potion of heal wounds {unknown}
 m - a potion of curing {unknown}
Books
 b - a book of Air

   Spells                             Type                      Level
   a - Shock                          Conjuration/Air              1
   b - Swiftness                      Charms/Air                   2
   c - Repel Missiles                 Charms/Air                   2
   d - Static Discharge               Conjuration/Air              3
   e - Lightning Bolt                 Conjuration/Air              5
Comestibles
 c - 3 bread rations
 j - 2 meat rations


   Skills:
 - Level 2.1 Dodging
 - Level 2.0 Stealth
 - Level 2.5 Spellcasting
 - Level 2.0 Conjurations
 + Level 5.7 Air Magic


You had 2 spell levels left.
You knew the following spells:

 Your Spells              Type           Power        Failure   Level  Hunger
c - Static Discharge      Conj/Air       ##......     14%         3    ###....
w - Swiftness             Chrm/Air       ##......     12%         2    ##.....
z - Shock                 Conj/Air       ##..         6%          1    #......


Dungeon Overview and Level Annotations

Branches:
Dungeon (5/15)
 Temple: D:4-7

Altars:
Ashenzari
Uskayaw
Xom

Annotations:
D:5 Pikel


Innate Abilities, Weirdness & Mutations

You have a beak for a mouth.
You have claws for feet.


Message History

The slave is severely wounded.
The slave hits you!
Casting: Shock
Confirm with . or Enter, or press ? or * to list all spells.
Aiming: Shock
Press: ? - help, Shift-Dir - straight line The zap misses the slave.
The zap hits the slave.
The slave is severely wounded.
The slave hits you.
* * * LOW HITPOINT WARNING * * *
Casting: Shock
Confirm with . or Enter, or press ? or * to list all spells.
Aiming: Shock
Press: ? - help, Shift-Dir - straight line The zap hits the slave.
The slave is severely wounded.
The zap hits the slave.
The slave appears unharmed.
The slave is severely wounded.
The slave hits you!
You die... #. #K #p #. #. #. #.###### #..p@.<# ########

You could see a slave.

Vanquished Creatures
  A slave (D:5)
  A bullfrog skeleton (D:4)
  An adder (D:3)
  A dart slug (D:4)
  2 leopard geckos
  An orc (D:4)
  4 bats
  2 giant cockroaches
  A goblin (D:3)
  3 hobgoblins
  2 jackals (D:3)
19 creatures vanquished.

Notes
Turn   | Place    | Note
-------+----------+-------------------------------------------
     0 | D:1      | Amnesiac the Tengu Air Elementalist began the quest for the Orb.
     0 | D:1      | Reached XP level 1. HP: 10/10 MP: 4/4
   147 | D:2      | Reached XP level 2. HP: 14/15 MP: 0/6
   229 | D:2      | Learned a level 2 spell: Swiftness
   466 | D:3      | Found a shattered altar of Ashenzari.
   485 | D:3      | Reached XP level 3. HP: 19/19 MP: 2/7
   490 | D:3      | Learned a level 3 spell: Static Discharge
   845 | D:4      | Found a hide-covered altar of Uskayaw.
   939 | D:4      | Found a shimmering altar of Xom.
   982 | D:4      | Reached skill level 5 in Air Magic
   982 | D:4      | Reached XP level 4. HP: 21/24 MP: 3/8
  1060 | D:5      | Entered Level 5 of the Dungeon
  1064 | D:5      | Noticed Pikel
  1064 | D:5      | Noticed a slave
  1064 | D:5      | Noticed a slave
  1075 | D:5      | Killed a slave
  1286 | D:5      | Slain by a slave

Vault maps used:
D:1:      minmay_arrival_four_houses, hangedman_decor_growths
D:3:      nicolae_overflow_crystal_walls, grunt_ashenzari_visionary,
          uniq_jessica
D:4:      kennysheep_little_box, nicolae_overflow_hidden_temple, first_bread,
          hex_large
D:5:      zin_scriptorium, st_stairs_6, uniq_pikel

Skill      XL: |  1  2  3 |
---------------+----------+-----
Conjurations   | 2 |  2.0
Air Magic      | 5 |  5.7
Dodging        | |  2.1
Stealth        | |  2.0
Spellcasting   | |  2.5

Action                   |  1- 3 |  4- 6 || total
-------------------------+-------+-------++-------
Melee: Unarmed           |     4 |       ||     4
       Kick              |     1 |       ||     1
       Peck              |     1 |       ||     1
 Cast: Shock             |    39 |    15 ||    54
  Eat: Chunk             |       |     1 ||     1
Armor: Robe              |     3 |       ||     3
Dodge: Dodged            |     6 |     4 ||    10
